 Dungeon Crawl Stone Soup version 0.22-a0-515-g75794bf (webtiles) character file.

7 Amnesiac the Sneak (level 1, -4/9 HPs)
             Began as a Spriggan Wanderer on June 19, 2018.
             Slain by a hobgoblin
             ... wielding a +0 club
              (7 damage)
             ... on level 1 of the Dungeon.
             The game lasted 00:01:34 (370 turns).

Amnesiac the Sneak (Spriggan Wanderer)               Turns: 370, Time: 00:01:35

Health: -4/9       AC:  2    Str: 10    XL:     1   Next: 83%
Magic:  3/3        EV: 17    Int:  9    God:
Gold:   22         SH:  0    Dex: 17    Spells: 0/0 levels left

rFire    . . .     SeeInvis +   e - +0 dagger
rCold    . . .     Gourm    .   (shield restricted)
rNeg     . . .     Faith    .   d - +0 robe
rPois    .         Spirit   .   (helmet restricted)
rElec    .         Reflect  .   (no cloak)
rCorr    .         Harm     .   (gloves unavailable)
MR       .....                  (boots unavailable)
Stlth    ++........             (no amulet)
HPRegen  0.03/turn              (no ring)
MPRegen  0.08/turn              (no ring)

@: very quick
A: very small, unfitting armour, see invisible, herbivore, speed 3, slow
metabolism 2
a: no special abilities


You were on level 1 of the Dungeon.
You were not hungry.

You visited 1 branch of the dungeon, and saw 2 of its levels.

You collected 22 gold pieces.

Inventory:

Hand Weapons
 a - a +0 hunting sling
 e - a +0 dagger (weapon)
Armour
 d - a +0 robe (worn)
Wands
 c - a wand of random effects (15)
Scrolls
 i - a scroll of teleportation {!r, unknown}
 j - a scroll of immolation {!r, unknown}
Potions
 b - a potion of curing {!q}
 g - a potion of might {!q, unknown}
 h - a potion of invisibility {!q, unknown}
Comestibles
 f - a ration


   Skills:
   Level 1.5 Long Blades
 + Level 1.9 Slings
 - Level 1.5 Dodging
 - Level 3.0 Stealth
   Level 3.0 Poison Magic
 - Level 2.6 Evocations


You couldn't memorise any spells.
You didn't know any spells.
Your spell library contained the following spells:

 Spells                   Type           Power        Failure   Level  Hunger
 Mephitic Cloud           Conj/Pois/Air  #.......     63%         3    ####...
 Venom Bolt               Conj/Pois      #.........   99%         5    ######.
 Olgreb's Toxic Radiance  Pois           #.......     75%         4    #####..
 Sting                    Conj/Pois      #...         22%         1    ##.....
 Poisonous Vapours        Pois/Air       #.....       32%         2    ###....


Dungeon Overview and Level Annotations

Branches:
Dungeon (2/15)

Altars:
Nemelex Xobeh
Sif Muna


Innate Abilities, Weirdness & Mutations

You are very small and have problems with some larger weapons.
You are too small for most types of armour.
You have supernaturally acute eyesight. (SInv)
You are a herbivore.
You cover ground extremely quickly.
You need to consume almost no food.


Message History

The frilled lizard hisses angrily.
Found three items.
There is a stone staircase leading up here.
You closely miss the frilled lizard. The frilled lizard barely misses you.
You barely miss the frilled lizard. The frilled lizard misses you.
You hit the frilled lizard.
You kill the frilled lizard!
No target in view!
h - a fuming white potion {!q} You see here a ring mail.
The rat twitches its whiskers.
Found a scroll labeled PAS TEITZO.
You see here a scroll labeled SECSEQ IXOIREWE {!r}.
i - a scroll labeled SECSEQ IXOIREWE {!r} You hit the rat but do no damage.
The rat misses you.
You barely miss the rat. The rat misses you.
You hit the rat.
You kill the rat!
You see here a rat corpse.
You start resting.
HP restored.
A kobold comes into view. It is wielding a dagger.
Found a chain mail.
You see here a scroll labeled PAS TEITZO {!r}.
j - a scroll labeled PAS TEITZO {!r} The kobold shouts!
The kobold hits you with a dagger.
You hit the kobold.
The kobold is moderately wounded.
The kobold closely misses you.
You hit the kobold but do no damage.
The kobold is moderately wounded.
The kobold closely misses you.
You hit the kobold.
You kill the kobold!
Things that are here:
a dagger; a kobold corpse
There is a stone staircase leading up here.
You start resting.
HP restored.
You climb upwards.
There is a stone staircase leading down here.
Found a hand axe.
Found 13 bolts.
A hobgoblin comes into view. It is wielding a club.
A frilled lizard comes into view.
The frilled lizard moves out of view.
Found 10 gold pieces.
No target in view!
No target in view!
No target in view!
No target in view!
A goblin comes into view. It is wielding a club.
Found a scroll labeled DULI NICEITI.
The hobgoblin shouts!
The hobgoblin hits you with a club.
* * * LOW HITPOINT WARNING * * *
You closely miss the hobgoblin.
The hobgoblin shouts!
You hit the hobgoblin but do no damage.
You hear a shout!
The hobgoblin hits you with a club!
Ouch! That really hurt!
You die...

#. #g #?.###. #..
#..#....#..#
#..#.##(#..#
####..........#
......g.......##########
#@# #.##.>...... #.#
#.##.####### #.#
#).......... #.#
#.##.#######
#.#####.##....
#..........###
...$.........##.#
g##.###########.# # #.#


You could see 2 hobgoblins.

Vanquished Creatures
  A giant cockroach (D:2)
  2 goblins (D:1)
  2 frilled lizards (D:2)
  A kobold (D:2)
  A rat (D:2)
7 creatures vanquished.

Notes
Turn   | Place    | Note
-------+----------+-------------------------------------------
     0 | D:1      | Amnesiac the Spriggan Wanderer began the quest for the Orb.
     0 | D:1      | Amnesiac set off with: a potion of curing {!q}, a wand of random effects (15), a +0 robe, a +0 dagger, a ration
     0 | D:1      | Reached XP level 1. HP: 9/9 MP: 3/3
    49 | D:1      | Reached skill level 1 in Slings
    65 | D:2      | Found a sparkling altar of Nemelex Xobeh.
    65 | D:2      | Found a deep blue altar of Sif Muna.
   370 | D:1      | Slain by a hobgoblin

Vault maps used:
D:1:      dpeg_arrival_arbitrary_c, item_on_display_b
D:2:      lemuel_crystal_altar, nicolae_overflow_hidden_temple,
          nemelex_xobeh_ov_fountains_minmay, first_ration

Skill      XL: |  1 |
---------------+----+-----
Slings         | 1 |  1.9
Long Blades    | |  1.5
Dodging        | |  1.5
Stealth        | |  3.0
Poison Magic   | |  3.0
Evocations     | |  2.6

Action                   || total
-------------------------++-------
Melee: Dagger            ||    39
Armor: Robe              ||     3
Dodge: Dodged            ||    24

Table legend:
 A = Spawn XP
 B = Non-spawn XP
 C = Spawn XP percentage of total XP
 D = Spawn monster count
 E = Non-spawn monster count
 F = Spawn count percentage of total count
 G = Total turns spent on level
                    A         B        C        D         E        F      G
               +---------+---------+-------+---------+---------+-------+---------
         Total |       0 |      10 |   0.0 |       0 |       7 |   0.0 |   370
               +---------+---------+-------+---------+---------+-------+---------
           D:1 |       0 |       4 |   0.0 |       0 |       2 |   0.0 |    82
           D:2 |       0 |       6 |   0.0 |       0 |       5 |   0.0 |   288
               +---------+---------+-------+---------+---------+-------+---------
